Map: Odyssey LE

Players

OmaMorkie - Winner!

  • Race: Zerg Zerg
  • League: Diamond
  • Spawn Location: 5:00

A.I. 1 (Harder)

  • Race: Protoss Protoss
  • Spawn Location: 11:00

VOD

Have the link to the VOD?

Description

Time

  • Played on: Dec. 18, 2017, 5:14 a.m.
  • Length: 7:35
Show
View Real Time Build Order
Export as new Build Order

OmaMorkie Zerg - Winner!

Build Orders: Hatch First 

Get SALT Encoding   

  12  0:01  Drone  
  13  0:08  Drone  
  14  0:17  Overlord  
  14  0:22  Extractor  
  14  0:24  Drone  
  14  0:35  Drone x2  
  16  0:46  Drone  
  17  1:08  Hatchery  
  16  1:20  Spawning Pool  
  15  1:27  Burrow  
  15  1:31  Drone  
  16  1:36  Drone  
  17  1:40  Drone  
  17  1:45  Drone  
  19  2:10  Zergling x4, Evolution Chamber  
  19  2:14  Baneling Nest  
  19  2:21  Zergling x4  
  21  2:25  Queen  
  21  2:29  Drone  
  24  2:41  Drone x2  
  26  2:49  Drone  
  26  2:50  Drone  
  28  2:56  Overlord  
  28  3:06  Baneling x2  
  28  3:07  Baneling x2  
  28  3:21  Baneling  
  28  3:22  Baneling x3  
  28  3:28  Extractor, Roach Warren  
  28  3:29  Queen  
  28  3:30  Drone  
  28  4:11  Overlord  
  28  4:12  Roach x4  
  28  4:14  Overlord  
  36  4:24  Baneling  
  36  4:27  Overlord  
  36  4:29  Queen, Baneling  
  36  4:30  Roach x2  
  36  4:31  Roach  
  43  4:47  Roach x3  
  49  4:54  Roach  
  49  4:55  Roach  
  53  5:01  Drone  
  53  5:02  Drone  
  55  6:00  Drone  
  55  6:01  Drone x4  
  55  6:03  Overlord x3  
  55  6:04  Overlord  
  60  6:11  Roach x7  
  60  6:17  Hatchery  
  59  6:19  Lair  
  59  6:22  Roach x8  
  59  6:28  Pneumatized Carapace  
  59  6:52  Roach x4  
  57  6:57  Roach  
  57  7:00  Roach  
  55  7:02  Roach  
  55  7:03  Roach x8  
  55  7:04  Roach x3  
  67  7:09  Roach x2  
Show
View Real Time Build Order
Export as new Build Order

A.I. 1 (Harder) Protoss 

Build Orders:  

Get SALT Encoding   

  12  0:00  Probe  
  13  0:13  Probe  
  14  0:19  Pylon  
  14  0:25  Probe  
  15  0:37  Probe  
  15  0:40  Gateway  
  16  0:47  Assimilator  
  16  0:49  Probe  
  17  1:01  Probe, Pylon  
  18  1:13  Probe  
  19  1:26  Probe  
  19  1:29  Zealot  
  19  1:30  Cybernetics Core  
  22  1:43  Gateway  
  22  1:47  Assimilator  
  22  2:01  Pylon  
  22  2:07  Adept  
  24  2:26  Warp Gate  
  24  2:34  Stalker  
  26  2:38  Zealot  
  26  2:42  Pylon  
  28  3:04  Adept  
  30  3:08  Adept  
  32  3:24  Pylon  
  32  3:31  Adept  
  34  3:35  Stalker  
  36  3:42  Probe  
  37  3:54  Probe  
  38  3:58  Stalker  
  40  4:05  Adept, Pylon  
  40  4:06  Probe  
  43  4:17  Forge  
  43  4:18  Probe  
  44  4:30  Probe  
  45  4:39  Adept  
  45  4:43  Probe  
  41  4:49  Stalker  
  43  4:55  Probe  
  43  4:59  Zealot  
  47  5:07  Probe  
  47  5:19  Probe  
  48  5:31  Probe  
  49  5:43  Probe  
  50  5:55  Probe  
  51  6:05  Sentry  
  51  6:08  Gateway  
  51  6:09  Robotics Facility  
  53  6:13  Sentry  
  53  6:14  Nexus  
  55  6:28  Stalker  
  57  6:35  Stalker  
  59  6:42  Pylon  
  57  6:51  Twilight Council  
  55  6:56  Observer  
  37  7:19  Probe  
Tags
 
League
Diamond
Matchup
PvZ
Spawn Locations
Cross Positions
Add a new tag
Caveats
  • Supply blocks, unpowered buildings, or Contaminate may cause inaccurate times.
  • Supply counts are checked every 10 seconds.